Map: Data-C

Players

WakaK

  • Race: Protoss Protoss
  • League: Diamond
  • Spawn Location: 9:00

oldcopy - Winner!

  • Race: Protoss Protoss
  • League: Diamond
  • Spawn Location: 3:00

VOD

Have the link to the VOD?

Description

Time

  • Played on: Oct. 3, 2022, 10:23 a.m.
  • Length: 7:55
Show
View Real Time Build Order
Export as new Build Order

WakaK Protoss 

Build Orders: Blink Stalkers, Zealot Archon 

Get SALT Encoding   

  12  0:00  Probe  
  13  0:12  Probe  
  14  0:17  Pylon  
  14  0:24  Probe (Chrono Boost)  
  15  0:37  Probe (Chrono Boost)  
  15  0:40  Gateway  
  16  0:45  Probe (Chrono Boost)  
  16  0:46  Assimilator  
  17  0:51  Probe  
  17  0:54  Assimilator  
  18  1:03  Probe (Chrono Boost)  
  19  1:08  Gateway  
  19  1:15  Probe (Chrono Boost)  
  20  1:21  Probe (Chrono Boost)  
  21  1:27  Cybernetics Core  
  21  1:29  Probe  
  22  1:35  Pylon  
  22  1:41  Probe  
  23  2:04  Stalker x2  
  23  2:05  Warp Gate  
  27  2:10  Pylon  
  27  2:25  Twilight Council  
  27  2:34  Stalker x2  
  31  2:54  Gateway  
  31  3:02  Pylon  
  27  3:05  Stalker x2  
  31  3:08  Blink (Chrono Boost)  
  35  3:26  Gateway  
  35  3:34  Shield Battery  
  35  3:55  Stalker x2  
  39  3:57  Stalker  
  41  4:04  Pylon  
  41  4:34  Stalker x3  
  41  4:38  Stalker  
  49  5:01  Pylon  
  49  5:12  Charge (Chrono Boost)  
  37  5:22  Sentry  
  37  5:23  Sentry  
  37  5:24  Zealot x2  
  45  5:46  Zealot  
  45  5:47  Zealot x3  
  53  6:07  Zealot x4  
  61  6:15  Templar Archives  
  61  6:20  Zealot x4  
  61  6:30  Zealot  
  63  6:34  Pylon  
  55  7:05  High Templar x2  
  55  7:06  Zealot x2  
  63  7:12  Archon  
  63  7:20  Pylon  
  63  7:26  Pylon  
  63  7:28  Stalker x2  
Show
View Real Time Build Order
Export as new Build Order

oldcopy Protoss - Winner!

Build Orders: 1 Gate Expand 

Get SALT Encoding   

  12  0:00  Probe  
  13  0:13  Probe  
  14  0:17  Pylon  
  14  0:25  Probe (Chrono Boost)  
  16  0:36  Probe (Chrono Boost)  
  16  0:38  Gateway  
  16  0:43  Probe  
  17  0:50  Assimilator  
  17  0:55  Probe  
  18  1:17  Nexus  
  18  1:29  Cybernetics Core  
  18  1:39  Probe  
  18  1:46  Pylon  
  19  1:51  Probe  
  20  1:57  Assimilator  
  20  2:03  Probe  
  21  2:12  Robotics Facility  
  21  2:15  Probe (Chrono Boost)  
  22  2:17  Shield Battery  
  22  2:27  Probe (Chrono Boost)  
  23  2:33  Probe (Chrono Boost)  
  23  2:34  Shield Battery  
  23  2:36  Probe (Chrono Boost)  
  25  2:40  Stalker (Chrono Boost)  
  27  2:55  Probe x2  
  29  3:06  Immortal  
  29  3:12  Pylon  
  33  3:17  Stalker (Chrono Boost)  
  35  3:22  Warp Gate  
  35  3:42  Immortal (Chrono Boost)  
  35  3:43  Probe x2  
  41  3:51  Pylon  
  41  3:55  Probe x2  
  43  3:59  Stalker  
  45  4:05  Shield Battery  
  44  4:15  Probe  
  45  4:21  Assimilator  
  45  4:23  Immortal (Chrono Boost)  
  45  4:25  Assimilator  
  49  4:31  Probe x2  
  51  4:43  Probe, Pylon  
  51  4:44  Probe  
  53  4:53  Pylon  
  53  4:55  Probe  
  53  4:56  Observer  
  53  4:57  Probe  
  56  5:05  Shield Battery  
  56  5:08  Probe  
  56  5:09  Probe, Pylon  
  54  5:18  Immortal (Chrono Boost)  
  54  5:20  Probe  
  59  5:21  Probe  
  60  5:30  Zealot  
  60  5:32  Probe  
  60  5:33  Probe  
  64  5:37  Stargate  
  64  5:44  Probe  
  64  5:46  Probe  
  64  5:47  Immortal (Chrono Boost)  
  70  5:56  Probe  
  71  5:58  Probe  
  71  5:59  Forge  
  72  6:05  Stargate  
  72  6:08  Probe  
  72  6:10  Probe  
  74  6:20  Probe  
  74  6:22  Probe  
  80  6:26  Void Ray  
  80  6:29  Observer (Chrono Boost)  
  80  6:32  Probe  
  82  6:38  Nexus  
  82  6:41  Pylon  
  82  6:44  Pylon  
  86  6:55  Void Ray  
  90  7:17  Void Ray  
  90  7:24  Shield Battery, Photon Cannon  
  90  7:25  Photon Cannon  
  90  7:28  Photon Cannon  
  90  7:31  Pylon  
  91  7:54  Zealot  
Tags
 
Add a new tag
Caveats
  • Supply blocks, unpowered buildings, or Contaminate may cause inaccurate times.
  • Supply counts are checked every 10 seconds.